AoeStats
← NPG | Shimishi Maki

Fortress

508760264Analyzed
4v4 RM · 8d ago on Sep 23, 2026· 77m 23s· 8 players
Game mode
Random Map
Map size
Huge
Population
200
Speed
Normal
Resources
Standard
Victory
Conquest
Starting age
Dark Age
Ending age
Imperial Age
RankedLock teamsTeams togetherTeam positionsShared explorationLock speedFull tech treeHidden civsTurbo modeCheats
Victory
Defeat
🇨🇱 Mongols · Chile
1640
+7
🇦🇷 Saxons · Argentina
1545
+10
🇦🇷 Teutons · Argentina
1506
+12
🇦🇷 Burgundians · Argentina
1408
+16
🇺🇸 Persians · United States
1467
-13
🇦🇷 Spanish · Argentina
1449
-12
🇨🇴 Wei · Colombia
1403
-11
🇬🇷 Turks · Greece
1356
-9
M-A
7:56 Feudal Age
7:41 Loom
12:15 Castle Age
10:15 Double-Bit Axe
10:22 Horse Collar
13:47 Bow Saw
13:51 Heavy Plow
14:27 Town Watch
21:52 Wheelbarrow
26:23 Imperial Age
24:30 Scale Barding Armor
24:30 Padded Archer Armor
24:49 Hand Cart
24:48 Husbandry
25:26 Bloodlines
26:01 Masonry
26:40 Elite Conquistador
27:18 Gold Mining
27:25 Stone Mining
28:08 Leather Archer Armor
31:02 Chemistry
30:55 Conscription
36:11 Guilds
40:01 Caravan
46:44 Hoardings
46:31 Fortified Wall
46:52 Architecture
46:16 Fletching
46:59 Ring Archer Armor
46:19 Fletching
48:39 Sappers
51:31 Ballistics
60:02 Bodkin Arrow
60:54 Bracer
67:27 Guard Tower
67:22 Arrowslits
76:32 Thumb Ring
Fs.Caboclo
7:00 Feudal Age
8:08 Loom
10:57 Castle Age
9:01 Double-Bit Axe
19:18 Bow Saw
20:37 Horse Collar
21:38 Wheelbarrow
21:41 Heavy Plow
23:20 Gold Mining
26:10 Imperial Age
25:40 Hand Cart
26:03 Gold Shaft Mining
25:20 Stone Mining
25:55 Forging
25:51 Scale Barding Armor
27:19 Conscription
28:41 Two-Man Saw
28:09 Cavalier
28:50 Husbandry
29:00 Bloodlines
29:12 Chain Barding Armor
29:27 Iron Casting
30:46 Plate Barding Armor
29:39 Savar
33:03 Blast Furnace
35:07 Ballistics
34:38 Heated Shot
35:49 Chemistry
35:38 Citadels
35:50 Kamandaran
35:41 Fletching
35:51 Padded Archer Armor
36:34 Caravan
36:45 Crossbowman
37:31 Thumb Ring
38:17 Stone Shaft Mining
37:09 Light Cavalry
37:10 Light Cavalry
38:00 Bodkin Arrow
38:21 Leather Archer Armor
41:44 Ring Archer Armor
41:55 Coinage
41:09 Hussar
41:09 Hussar
45:08 Elite War Elephant
54:48 Capped Ram
70:52 Scale Mail Armor
75:35 Elite Skirmisher
PinGoRo
6:49 Feudal Age
8:17 Loom
11:06 Castle Age
9:24 Double-Bit Axe
9:50 Horse Collar
13:03 Bow Saw
14:13 Heavy Plow
15:34 Gold Mining
15:38 Town Watch
18:39 Wheelbarrow
19:16 Stone Mining
21:15 Hand Cart
22:23 Gold Shaft Mining
22:25 Town Patrol
26:03 Imperial Age
24:22 Scale Barding Armor
25:25 Forging
26:28 Chain Barding Armor
26:51 Stone Shaft Mining
27:05 Iron Casting
28:01 Ming Guang Armor
30:08 Blast Furnace
29:52 Conscription
30:05 Bloodlines
30:26 Caravan
30:50 Husbandry
30:26 Elite Tiger Cavalry
33:40 Tuntian
38:27 Hoardings
41:24 Scale Mail Armor
40:47 Pikeman
41:28 Squires
41:06 Light Cavalry
42:49 Halberdier
47:29 Chain Mail Armor
48:42 Fletching
49:33 Hussar
57:17 Crop Rotation
56:54 Bodkin Arrow
62:11 Arson
68:41 Chemistry
67:52 Masonry
67:57 Onager
Papiz96
6:36 Feudal Age
7:08 Double-Bit Axe
7:05 Horse Collar
10:15 Wheelbarrow
13:20 Castle Age
15:36 Loom
16:12 Bow Saw
20:57 Heavy Plow
26:04 Imperial Age
23:56 Hand Cart
24:24 Hand Cart
24:38 Stone Mining
24:40 Gold Mining
25:20 Padded Archer Armor
25:12 Fletching
25:34 Masonry
27:04 Leather Archer Armor
27:23 Architecture
26:38 Elite Janissary
28:45 Conscription
30:09 Artillery
30:19 Bodkin Arrow
30:56 Ring Archer Armor
31:09 Ballistics
32:38 Bloodlines
32:29 Husbandry
40:34 Scale Barding Armor
40:30 Scale Mail Armor
40:43 Forging
43:07 Chain Barding Armor
49:35 Plate Barding Armor
49:11 Forging
51:18 Caravan
52:27 Iron Casting
56:12 Heavy Camel Rider
Pipo
3:47 Double-Bit Axe
7:36 Feudal Age
7:58 Feudal Age
8:52 Loom
12:42 Castle Age
10:55 Bow Saw
10:53 Horse Collar
14:29 Wheelbarrow
16:57 Two-Man Saw
16:26 Heavy Plow
19:00 Town Watch
21:41 Hand Cart
21:36 Gold Mining
21:37 Stone Mining
25:41 Imperial Age
24:02 Scale Barding Armor
24:08 Forging
25:06 Town Patrol
24:52 Cavalier
26:46 Chain Barding Armor
27:23 Crop Rotation
27:31 Gold Shaft Mining
26:41 Paladin
27:22 Husbandry
29:06 Plate Barding Armor
28:46 Fortified Wall
29:22 Caravan
30:03 Conscription
31:04 Iron Casting
34:59 Chemistry
44:16 Blast Furnace
49:09 Burgundian Vineyards
50:31 Flemish Revolution
URU | Deo
6:15 Feudal Age
7:54 Loom
10:39 Castle Age
9:45 Double-Bit Axe
9:42 Horse Collar
13:57 Bow Saw
19:22 Wheelbarrow
19:17 Heavy Plow
20:27 Gold Mining
22:45 Hand Cart
23:33 Town Watch
27:16 Imperial Age
25:52 Gold Shaft Mining
25:08 Stone Mining
25:36 Scale Mail Armor
25:50 Fortified Wall
26:22 Caravan
26:53 Chain Mail Armor
26:49 Forging
27:03 Masonry
27:26 Squires
27:13 Gambesons
27:27 Shield Wall
28:27 Conscription
28:30 Guilds
28:54 Elite Varangian Guard
29:28 Arson
30:18 Plate Mail Armor
30:31 Iron Casting
30:48 Fletching
31:00 Padded Archer Armor
31:06 Scale Barding Armor
30:35 Elite Hearth Troop
34:10 Bodkin Arrow
35:16 Chemistry
34:55 Architecture
34:24 Murder Holes
34:01 Pikeman
35:27 Siege Engineers
35:23 Halberdier
36:41 Bracer
37:03 Ballistics
41:47 Crop Rotation
42:22 Two-Man Saw
43:52 Hoardings
43:05 Arrowslits
43:44 Chain Barding Armor
47:46 Coinage
47:23 Treadmill Crane
47:35 Guard Tower
48:57 Town Patrol
50:09 Banking
49:47 Capped Ram
51:23 Siege Ram
54:56 Keep
56:42 Leather Archer Armor
59:51 Ring Archer Armor
66:13 Elite Skirmisher
66:14 Cranequins
66:19 Crossbowman
72:05 Arbalester
72:50 Thumb Ring
77:12 Onager
VOY TEUTONES VOY
8:32 Feudal Age
9:34 Double-Bit Axe
12:13 Castle Age
9:56 Horse Collar
14:06 Bow Saw
20:34 Fortified Wall
22:07 Wheelbarrow
21:17 Town Watch
21:54 Loom
22:41 Gold Mining
23:53 Hand Cart
27:35 Imperial Age
25:48 Scale Mail Armor
25:58 Forging
25:52 Squires
25:38 Arson
25:59 Stone Mining
26:30 Heavy Plow
26:43 Masonry
27:02 Chain Mail Armor
27:56 Iron Casting
29:03 Plate Mail Armor
29:39 Blast Furnace
28:07 Capped Ram
29:02 Elite Teutonic Knight
30:35 Hoardings
33:17 Chemistry
33:57 Scale Barding Armor
34:14 Conscription
33:58 Onager
34:55 Guilds
36:21 Siege Engineers
40:10 Caravan
39:52 Siege Onager
40:33 Fletching
41:05 Ballistics
41:01 Pikeman
41:56 Bodkin Arrow
48:07 Halberdier
49:31 Padded Archer Armor
58:27 Ironclad
64:36 Crenellations
68:51 Heavy Scorpion
NPG | Shimishi Maki
6:49 Feudal Age
10:49 Castle Age
8:39 Double-Bit Axe
8:57 Horse Collar
12:38 Bow Saw
16:58 Loom
18:15 Town Watch
19:34 Wheelbarrow
21:57 Gold Mining
21:58 Stone Mining
25:18 Imperial Age
22:51 Heavy Plow
24:08 Gold Shaft Mining
23:44 Fletching
24:45 Ballistics
24:26 Bodkin Arrow
25:15 Hand Cart
25:31 Padded Archer Armor
26:04 Bracer
27:06 Chemistry
26:33 Leather Archer Armor
26:34 Bloodlines
26:24 Husbandry
27:16 Conscription
27:29 Siege Engineers
27:40 Masonry
27:26 Elite Mangudai
27:45 Capped Ram
29:12 Parthian Tactics
29:00 Murder Holes
29:19 Thumb Ring
30:41 Caravan
33:28 Hoardings
33:19 Drill
33:13 Siege Ram
34:05 Herbal Medicine
44:46 Nomads
47:33 Onager
48:44 Fortified Wall
53:02 Siege Onager
57:15 Stone Shaft Mining
58:11 Coinage
57:31 Heavy Scorpion
61:14 Banking
63:33 Heavy Scorpion
Connection lost

Rejoining the realm…

Still unreachable

The connection could not be restored.

Session expired

The server has moved on; the page needs a fresh start.